AoeStats
← aka_Faris

Arabia

510605669Analyzed
1v1 RM · 18h ago on Oct 1, 2026· 44m 26s· 2 players
Game mode
Random Map
Map size
Tiny (2 player)
Population
200
Speed
Normal
Resources
Standard
Victory
Conquest
Starting age
Dark Age
Ending age
Imperial Age
RankedLock teamsTeams togetherTeam positionsShared explorationLock speedFull tech treeHidden civsTurbo modeCheats
Victory
Defeat
🇨🇭 Khitans · Switzerland
1480
+13
🇬🇧 Vikings · United Kingdom
1403
-13
aka_Faris
7:07 Loom
9:45 Feudal Age
9:48 Man-at-Arms
10:19 Double-Bit Axe
16:24 Town Watch
21:03 Castle Age
19:08 Gold Mining
19:25 Horse Collar
21:38 Fletching
21:12 Crossbowman
23:16 Bodkin Arrow
24:54 Bow Saw
27:59 Ballistics
39:00 Scale Mail Armor
40:19 Squires
43:55 Imperial Age
42:27 Chain Mail Armor
42:31 Heavy Plow
43:50 Forging
45:09 Plate Mail Armor
Shellrock
6:27 Loom
8:42 Feudal Age
9:26 Double-Bit Axe
9:29 Domestication
10:59 Town Watch
17:12 Scale Barding Armor
22:27 Castle Age
20:54 Forging
21:11 Gold Mining
23:29 Chain Barding Armor
23:45 Bow Saw
24:38 Wheelbarrow
25:21 Iron Casting
26:12 Husbandry
29:12 Fletching
42:28 Imperial Age
39:34 Light Cavalry
40:31 Bodkin Arrow
41:02 Hand Cart
43:35 Conscription
43:59 Plate Barding Armor
42:54 Elite Steppe Lancer
Connection lost

Rejoining the realm…

Still unreachable

The connection could not be restored.

Session expired

The server has moved on; the page needs a fresh start.